 Dungeon Crawl Stone Soup version 0.23.0 (webtiles) character file.

Game seed: 15255841111667783606

74 xileck the Skirmisher (level 4, 0/29 HPs)
             Began as a Gargoyle Berserker on Feb 10, 2019.
             Was a Believer of Trog.
             Killed by divine providence
             ... invoked by an orc priest
              (16 damage)
             ... on level 3 of the Dungeon.
             The game lasted 00:06:48 (1456 turns).

xileck the Skirmisher (Gargoyle Berserker)          Turns: 1456, Time: 00:06:50

Health: 0/29       AC: 12    Str: 22    XL:     4   Next: 28%
Magic:  4/4        EV: 11    Int:  7    God:    Trog [**....]
Gold:   111        SH:  0    Dex:  9    Spells: 3/3 levels left

rFire    . . .     SeeInvis .   m - +0 falchion
rCold    . . .     Gourm    .   (no shield)
rNeg     + . .     Faith    .   e - +1 ring mail {MR+}
rPois    ∞         Spirit   .   (no helmet)
rElec    +         Reflect  .   (no cloak)
rCorr    .         Harm     .   j - +1 pair of gloves
MR       +....     Rnd*Tele +   (no boots)
Stlth    ..........             (no amulet)
HPRegen  0.09/turn              g - ring of teleportation (curse)
MPRegen  0.09/turn              (no ring)

@: no status effects
A: negative energy resistance 1, electricity resistance, unbreathing,
petrification resistance, rot immunity, AC +3
a: Berserk, Trog's Hand, Renounce Religion


You were on level 3 of the Dungeon.
You worshipped Trog.
Trog was pleased with you.
You were very hungry.

You visited 1 branch of the dungeon, and saw 3 of its levels.

You collected 111 gold pieces.

Inventory:

Hand Weapons
 a - a +0 hand axe
 h - a +0 short sword
 m - a +0 falchion (weapon)
 o - a +0 dagger
Armour
 b - a +0 animal skin
 e - a +1 ring mail of magic resistance (worn)
 j - a +1 pair of gloves (worn)
Jewellery
 g - a cursed ring of teleportation (left hand)
Scrolls
 d - 2 scrolls of random uselessness {unknown}
 f - a scroll of amnesia {unknown}
 k - 3 scrolls of teleportation {unknown}
Potions
 i - 2 potions of brilliance {unknown}
 l - a potion of mutation {unknown}
Comestibles
 c - 4 rations


   Skills:
 + Level 3.9 Fighting
 + Level 0.8(0.9) Short Blades
 + Level 0.2(0.6) Long Blades
 + Level 3.2 Axes
 + Level 3.0 Armour
 + Level 1.9 Dodging


You had 3 spell levels left.
You didn't know any spells.
Your spell library contained the following spells:

 Spells                   Type           Power        Failure   Level  Hunger
 Animate Skeleton         Necr           N/A          58%         1    ##.....
 Apportation              Tloc           #.....       58%         1    ##.....
 Confusing Touch          Hex            #.....       58%         1    ##.....
 Magic Dart               Conj           #...         58%         1    ##.....
 Summon Small Mammal      Summ           #...         58%         1    ##.....
 Blink                    Tloc           N/A          73%         2    ###....
 Call Imp                 Summ           #.......     73%         2    ###....
 Slow                     Hex            #.......     73%         2    ###....
 Conjure Flame            Conj/Fire      #.......     91%         3    ####...
 Mephitic Cloud           Conj/Pois/Air  #.......     91%         3    ####...


Dungeon Overview and Level Annotations

Branches:
Dungeon (3/15)

Altars:


Innate Abilities, Weirdness & Mutations

You are resistant to torment.
Your stone body is resilient. (AC +3)
You are immune to poison.
You resist negative energy. (rN+)
You are resistant to electric shocks. (rElec)
You can survive without breathing.
You are immune to petrification.
You are immune to rotting.


Message History

The orc shouts!
You slash the orc!
You kill the orc!
Trog accepts your kill.
The orc priest invokes the aid of Beogh against you.
Beogh smites you!
Found a scroll labeled UNTUDW LYLOX.
Items here: ))) [ ††
Found 22 arrows.
You hit the orc.
The orc is heavily wounded.
The orc closely misses you. The orc misses you.
You riposte.
You hit the orc.
The orc is almost dead.
You slash the orc!
You kill the orc!
Trog accepts your kill.
The orc priest mumbles some strange prayers to Beogh against you.
Beogh smites you!
Ouch! That really hurt!
You die...

##..... .......
## #..... .
#..... .#
#.....##.
#.......
#..#.o.#
#.?...@#
#(###))#
###.###).#
#........####.#
#.#...........#
#.######<######
#.# #.# #.# #.#
#.# #.#


You could see an orc priest.

Vanquished Creatures
  A worm (D:2)
  3 dart slugs (D:2)
  A leopard gecko (D:1)
  10 orcs (D:3)
  5 bats
  2 giant cockroaches
  3 goblins
  7 hobgoblins
  3 jackals (D:1)
  6 kobolds
  A quokka (D:2)
  2 frilled lizards
  5 rats
49 creatures vanquished.

Vanquished Creatures (others)
  4 toadstools (D:1)
4 creatures vanquished.

Grand Total: 53 creatures vanquished

Notes
Turn   | Place    | Note
-------+----------+-------------------------------------------
     0 | D:1      | xileck the Gargoyle Berserker began the quest for the Orb.
     0 | D:1      | Reached XP level 1. HP: 14/14 MP: 1/1
    68 | D:1      | Reached XP level 2. HP: 10/19 MP: 2/2
   343 | D:1      | Reached XP level 3. HP: 23/24 MP: 3/3
   430 | D:1      | Reached ** piety under Trog
  1421 | D:3      | Reached XP level 4. HP: 27/29 MP: 4/4
  1456 | D:3      | Killed from afar by an orc priest

Skill      XL: |  1  2  3  4 |
---------------+-------------+-----
Axes           | 3 |  3.2
Armour         | 3 |  3.0
Fighting       | |  3.9
Short Blades   | |  0.8
Long Blades    | |  0.2
Dodging        | |  1.9

Action                   |  1- 3 |  4- 6 || total
-------------------------+-------+-------++-------
Melee: Hand axe          |    60 |       ||    60
       Short sword       |   107 |       ||   107
       Falchion          |    12 |    21 ||    33
  Eat: Chunk             |     1 |       ||     1
Armor: Ring mail         |    82 |    10 ||    92
Dodge: Dodged            |   137 |    27 ||   164
       Rpst.: Falchion   |     2 |    10 ||    12
